General information
			
			
        
        - name: BNet
 
        - type: Ladder team game (AT/RT)
 
        - host: Battle.net
 
        - saver: BEAR_AND
 
        
map: Mur'gulOasis 
        - players: 8
 
        - length: 08:19
 
        - speed: Fast
 - version: 1.22 W3XP
 - replay type:  

 
» download(62 KB)
Players
        team 1 (winner) 
              
              
BEAR_AND (
blue | 97 APM | 804 actions | 08:19)
              
 2 Archmage 
 1 Blizzard
 1 Brilliance Aura
 
                » actions 
                
                | Assign group hotkey | 2 |  | 
| Basic commands | 1 |  | 
| Build / train | 53 |  | 
| Enter build submenu | 37 |  | 
| Enter hero's abilities submenu | 2 |  | 
| Right click | 428 |  | 
| Select / deselect | 121 |  | 
| Select group hotkey | 107 |  | 
| Use ability | 53 |  | 
                804 total
 » units 
                » upgrades
                » buildings
                
                | Altar of Kings | 1 |  | 
| Farm | 2 |  | 
| Lumber Mill | 3 |  | 
| Scout Tower | 28 |  | 
| Arcane Tower | 19 |  | 
| Guard Tower | 11 |  | 
| Keep | 1 |  | 
| Castle | 1 |  | 
| Gryphon Aviary | 1 |  | 
                67 total
 » build order
                00:13 Altar of Kings
00:21 Farm
00:39 Lumber Mill
00:45 Lumber Mill
00:49 Lumber Mill
01:00 Farm
01:42 Scout Tower
01:43 Scout Tower
02:08 Scout Tower
02:12 Arcane Tower
02:12 Arcane Tower
02:20 Scout Tower
02:22 Scout Tower
02:45 Guard Tower
02:47 Scout Tower
02:50 Arcane Tower
02:52 Scout Tower
03:24 Arcane Tower
03:25 Scout Tower
03:36 Arcane Tower
03:37 Scout Tower
03:44 Scout Tower
03:45 Scout Tower
03:53 Arcane Tower
03:56 Guard Tower
03:56 Scout Tower
04:00 Keep
04:08 Guard Tower
04:10 Scout Tower
04:12 Scout Tower
04:14 Guard Tower
04:26 Guard Tower
04:29 Scout Tower
04:30 Scout Tower
04:39 Guard Tower
04:43 Guard Tower
04:45 Scout Tower
04:46 Scout Tower
05:12 Guard Tower
05:13 Scout Tower
05:16 Scout Tower
05:19 Guard Tower
05:37 Arcane Tower
05:38 Scout Tower
05:39 Scout Tower
05:41 Arcane Tower
05:42 Scout Tower
05:44 Scout Tower
05:45 Scout Tower
05:46 Scout Tower
05:52 Guard Tower
06:36 Arcane Tower
06:37 Arcane Tower
06:38 Scout Tower
06:38 Scout Tower
06:42 Guard Tower
07:02 Arcane Tower
07:05 Castle
07:08 Arcane Tower
07:08 Arcane Tower
07:35 Arcane Tower
07:36 Arcane Tower
07:40 Arcane Tower
07:45 Arcane Tower
08:16 Gryphon Aviary
» items
                
                | Healing Salve | 2 |  | 
| Lesser Clarity Potion | 3 |  | 
                5 total
  
               
              
              
iggy_the_fisk (
yellow | 96 APM | 802 actions | 08:18)
              
 2 Archmage 
 1 Blizzard
 1 Brilliance Aura
 
                » actions 
                
                | Assign group hotkey | 139 |  | 
| Build / train | 38 |  | 
| Enter build submenu | 21 |  | 
| Enter hero's abilities submenu | 2 |  | 
| Right click | 405 |  | 
| Select / deselect | 99 |  | 
| Select group hotkey | 51 |  | 
| Use ability | 47 |  | 
                802 total
 » units 
                » upgrades
                » buildings
                
                | Altar of Kings | 1 |  | 
| Lumber Mill | 1 |  | 
| Farm | 5 |  | 
| Scout Tower | 10 |  | 
| Arcane Tower | 3 |  | 
| Arcane Vault | 1 |  | 
| Guard Tower | 9 |  | 
| Keep | 4 |  | 
| Castle | 1 |  | 
                35 total
 » build order
                00:07 Altar of Kings
00:21 Lumber Mill
00:28 Farm
00:31 Farm
01:04 Scout Tower
01:28 Scout Tower
01:30 Scout Tower
01:56 Arcane Tower
02:06 Arcane Vault
02:18 Scout Tower
02:22 Scout Tower
02:23 Guard Tower
02:23 Guard Tower
02:24 Guard Tower
02:50 Guard Tower
02:52 Scout Tower
03:26 Guard Tower
03:29 Scout Tower
03:34 Keep
03:35 Keep
03:35 Keep
03:55 Guard Tower
03:55 Guard Tower
03:59 Scout Tower
04:01 Scout Tower
04:49 Guard Tower
05:08 Arcane Tower
05:33 Farm
05:57 Castle
06:08 Scout Tower
06:38 Arcane Tower
06:42 Farm
07:36 Farm
» items
                 
               
              
              
» 
NADMaN (
red | 79 APM | 654 actions | 08:18)
              
 2 Blademaster 
 1 Wind Walk
 1 Critical Strike
 
                » actions 
                
                | Assign group hotkey | 1 |  | 
| Basic commands | 4 |  | 
| Build / train | 23 |  | 
| Enter build submenu | 14 |  | 
| Enter hero's abilities submenu | 2 |  | 
| Right click | 379 |  | 
| Select / deselect | 113 |  | 
| Select group hotkey | 89 |  | 
| Use ability | 29 |  | 
                654 total
 » units 
                » buildings
                
                | Altar of Storms | 1 |  | 
| Orc Burrow | 2 |  | 
| War Mill | 1 |  | 
| Watch Tower | 6 |  | 
| Voodoo Lounge | 2 |  | 
| Stronghold | 2 |  | 
| Fortress | 2 |  | 
| Beastiary | 2 |  | 
                18 total
 » build order
                00:07 Altar of Storms
00:14 Orc Burrow
00:41 War Mill
01:53 Watch Tower
02:02 Watch Tower
02:15 Watch Tower
02:47 Watch Tower
03:17 Voodoo Lounge
03:52 Stronghold
03:52 Stronghold
03:55 Watch Tower
04:49 Watch Tower
06:00 Orc Burrow
06:49 Fortress
06:53 Beastiary
06:56 Beastiary
07:04 Voodoo Lounge
» items
                 
               
              
              
» 
tIMG4strok (
green | 67 APM | 557 actions | 08:18)
              
 2 Death Knight 
 1 Death Coil
 1 Unholy Aura
 
                » actions 
                
                | Assign group hotkey | 2 |  | 
| Basic commands | 3 |  | 
| Build / train | 16 |  | 
| Enter build submenu | 11 |  | 
| Enter hero's abilities submenu | 2 |  | 
| Right click | 338 |  | 
| Select / deselect | 59 |  | 
| Select group hotkey | 104 |  | 
| Use ability | 22 |  | 
                557 total
 » units 
                » buildings
                
                | Crypt | 1 |  | 
| Altar of Darkness | 1 |  | 
| Ziggurat | 7 |  | 
| Tomb of Relics | 1 |  | 
| Nerubian Tower | 1 |  | 
| Halls of the Dead | 1 |  | 
| Black Citadel | 1 |  | 
| Sacrificial Pit | 1 |  | 
                14 total
 » build order
                00:07 Crypt
00:10 Altar of Darkness
00:23 Ziggurat
00:50 Tomb of Relics
01:35 Ziggurat
02:36 Nerubian Tower
03:35 Halls of the Dead
04:13 Ziggurat
05:22 Ziggurat
05:26 Ziggurat
05:27 Ziggurat
06:38 Black Citadel
06:40 Sacrificial Pit
06:41 Ziggurat
 
               team 2 (loser) 
              
              
DarkProphet[eK] (
purple | 83 APM | 690 actions | 08:17)
              
 1 Pandaren Brewmaster 
 1 Breath of Fire
 
                » actions 
                
                | Assign group hotkey | 5 |  | 
| Basic commands | 25 |  | 
| Build / train | 25 |  | 
| Enter build submenu | 18 |  | 
| Enter hero's abilities submenu | 2 |  | 
| Right click | 318 |  | 
| Select / deselect | 147 |  | 
| Select group hotkey | 120 |  | 
| Use ability | 30 |  | 
                690 total
 » units 
                » buildings
                
                | Moon Well | 14 |  | 
| Altar of Elders | 2 |  | 
| Ancient of Wonders | 1 |  | 
                17 total
 » build order
                00:09 Moon Well
00:31 Altar of Elders
00:34 Ancient of Wonders
00:48 Altar of Elders
01:30 Moon Well
02:27 Moon Well
02:29 Moon Well
03:11 Moon Well
03:14 Moon Well
04:10 Moon Well
04:12 Moon Well
05:00 Moon Well
05:02 Moon Well
05:58 Moon Well
06:02 Moon Well
07:03 Moon Well
07:07 Moon Well
» items
                 
               
              
              
jo0knoe (
orange | 38 APM | 281 actions | 07:18)
              
 1 Pandaren Brewmaster 
 1 Breath of Fire
 
                » actions 
                
                | Assign group hotkey | 3 |  | 
| Build / train | 21 |  | 
| ESC pressed | 4 |  | 
| Enter build submenu | 17 |  | 
| Enter hero's abilities submenu | 1 |  | 
| Right click | 140 |  | 
| Select / deselect | 60 |  | 
| Select group hotkey | 6 |  | 
| Use ability | 29 |  | 
                281 total
 » units 
                » buildings
                
                | Moon Well | 14 |  | 
| Altar of Elders | 1 |  | 
| Ancient of Wonders | 1 |  | 
| Tree of Ages | 2 |  | 
                18 total
 » build order
                00:05 Moon Well
00:22 Altar of Elders
00:50 Moon Well
01:58 Moon Well
02:03 Moon Well
02:11 Moon Well
03:01 Moon Well
03:04 Moon Well
03:08 Moon Well
04:01 Moon Well
04:04 Moon Well
04:09 Ancient of Wonders
04:57 Moon Well
04:58 Moon Well
05:00 Moon Well
05:51 Tree of Ages
06:51 Moon Well
 
               
              
              
Khraos (
teal | 57 APM | 424 actions | 07:24)
              
 1 Pandaren Brewmaster 
 1 Breath of Fire
 
                » actions 
                
                | Assign group hotkey | 10 |  | 
| Build / train | 21 |  | 
| ESC pressed | 2 |  | 
| Enter build submenu | 21 |  | 
| Enter hero's abilities submenu | 1 |  | 
| Right click | 227 |  | 
| Select / deselect | 98 |  | 
| Select group hotkey | 27 |  | 
| Use ability | 17 |  | 
                424 total
 » units 
                » buildings
                
                | Moon Well | 10 |  | 
| Altar of Elders | 3 |  | 
                13 total
 » build order
                00:08 Moon Well
00:40 Moon Well
01:23 Moon Well
01:33 Moon Well
02:01 Moon Well
02:27 Moon Well
02:59 Altar of Elders
03:46 Altar of Elders
04:42 Altar of Elders
05:12 Moon Well
05:24 Moon Well
06:03 Moon Well
07:12 Moon Well
 
               
              
              
mortirius (
pink | 24 APM | 194 actions | 08:05)
              
 1 Pandaren Brewmaster 
 1 Drunken Brawler
 
                » actions 
                
                | Build / train | 15 |  | 
| Enter build submenu | 24 |  | 
| Enter hero's abilities submenu | 1 |  | 
| Right click | 75 |  | 
| Select / deselect | 53 |  | 
| Use ability | 26 |  | 
                194 total
 » units 
                » buildings
                
                | Altar of Elders | 1 |  | 
| Moon Well | 21 |  | 
                22 total
 » build order
                00:21 Altar of Elders
00:51 Moon Well
01:23 Moon Well
01:50 Moon Well
02:36 Moon Well
03:33 Moon Well
03:36 Moon Well
03:41 Moon Well
03:49 Moon Well
03:59 Moon Well
04:34 Moon Well
04:38 Moon Well
04:41 Moon Well
04:45 Moon Well
05:01 Moon Well
05:21 Moon Well
05:41 Moon Well
05:45 Moon Well
06:05 Moon Well
06:46 Moon Well
06:53 Moon Well
06:56 Moon Well
 
                Chat log
          (00:07 / All) DarkProphet[eK]: im so horny i can kiss you
(00:11 / All) Khraos: my ass itches
(07:20 / All) BEAR_AND: yep
(07:21 / All) BEAR_AND: noob
(07:28 / All) BEAR_AND: panda did not get buffed in 122
(07:31 / All) BEAR_AND: sorry nerds
(07:32 / All) DarkProphet[eK]: i have horny dick
(07:43 / All) BEAR_AND: LEAVE
(07:51 / All) BEAR_AND: also learn to not lose 14 wisp to blizz lmfao
(08:04 / All) BEAR_AND: LEAVE